 Dungeon Crawl Stone Soup version 0.28-a0-657-g71136c5590 (webtiles) character file.

Game seed: 4897693764158107821

10656 Zenkrye the Slicer (level 11, 0/67 HPs)
             Began as a Kobold Brigand on Oct 13, 2021.
             Was a Follower of Uskayaw.
             Slain by a stone giant (34 damage)
             ... in a volcano.
             The game lasted 00:32:05 (11243 turns).

Zenkrye the Slicer (Kobold Brigand)                Turns: 11243, Time: 00:32:06

Health: 0/67       AC:  9    Str:  9    XL:     11   Next: 97%
Magic:  15/15      EV: 15    Int: 16    God:    Uskayaw [*.....]
Gold:   451        SH:  6    Dex: 16    Spells: 8/16 levels left

rFire   + + .      SeeInvis .   a - +5 quick blade
rCold   + . .      Faith    .   G - +0 buckler
rNeg    . . .      Spirit   .   g - +0 ring mail of the Merchant {rF+ rC+ Stlth+}
rPois   +          Reflect  .   u - +0 helmet
rElec   .          Harm     .   c - +0 cloak
rCorr   .          Rampage  .   r - +0 pair of gloves
Will    .....                   L - +0 pair of boots
Stlth   ++++++....              J - amulet of regeneration
HPRegen 1.21/turn               p - ring of protection from fire
MPRegen 0.14/turn               o - ring of poison resistance

@: no status effects
A: small, no large weapons, nightstalker 3
a: Renounce Religion, Stomp


You were in a volcano.
You worshipped Uskayaw.
Uskayaw was noncommittal.
You visited 3 branches of the dungeon, and saw 12 of its levels.
You also visited: Volcano.

You collected 451 gold pieces.

Inventory:

Hand Weapons
 a - a +5 quick blade (weapon)
 x - a +2 dagger of electrocution
Missiles
 d - 45 poisoned darts
 y - 4 atropa-tipped darts (quivered)
 K - 4 silver boomerangs
Armour
 b - the +0 chain mail of the Eight Boll Weevils {Rampage Str+3 Dex-2 Slay+3}
   (You found it on level 10 of the Dungeon)

   Str:       It affects your strength (+3).
   Dex:       It affects your dexterity (-2).
   Slay:      It affects your accuracy & damage with ranged weapons and melee
   (+3).
   Rampage:   It bestows one free step when moving towards enemies.
 c - a +0 cloak (worn)
 g - the +0 ring mail of the Merchant (worn) {rF+ rC+ Stlth+}
   (You found it on level 7 of the Dungeon)

   rF:        It protects you from fire.
   rC:        It protects you from cold.
   Stlth:     It makes you more stealthy.
 r - a +0 pair of gloves (worn)
 u - a +0 helmet (worn)
 G - a +0 buckler (worn)
 L - a +0 pair of boots (worn)
Magical Staves
 B - a staff of death
Jewellery
 f - a ring of fire
 o - a ring of poison resistance (right hand)
 p - a ring of protection from fire (left hand)
 s - a ring of wizardry
 w - a ring of wizardry
 J - an amulet of regeneration (around neck)
Wands
 e - a wand of flame (34)
 h - a wand of mindburst (11)
Scrolls
 k - 5 scrolls of teleportation {@r3}
 l - a scroll of fear
 m - 3 scrolls of amnesia
 v - a scroll of blinking {@r4}
 F - 2 scrolls of immolation
Potions
 n - 6 potions of curing {@q1}
 q - a potion of might {@q4}
 z - a potion of magic
 A - a potion of haste {@q3}
 C - a potion of brilliance
 E - 2 potions of mutation
 H - a potion of ambrosia {unknown}
 I - a potion of invisibility {unknown}


   Skills:
 + Level 7.5 Fighting
 - Level 12.0 Short Blades
 - Level 2.1 Throwing
 + Level 8.1 Dodging
 - Level 12.0 Stealth
 + Level 3.1 Shields
 - Level 3.0 Spellcasting
 + Level 2.1 Hexes
 - Level 5.0 Necromancy
 + Level 2.0 Translocations
 + Level 5.7 Invocations
 - Level 3.0 Evocations


You had 8 spell levels left.
You knew the following spells:

 Your Spells              Type           Power      Damage    Failure   Level
a - Excruciating Wounds   Necr           9%         N/A       93%         5
p - Portal Projectile     Hex/Tloc       18%        N/A       63%         3

Your spell library contained the following spells:

 Spells                   Type           Power      Damage    Failure   Level
 Corpse Rot               Necr/Air       N/A        N/A       34%         2
 Magic Dart               Conj           8%         1d3       54%         1
 Dispel Undead            Necr           18%        3d11      63%         4
 Poisonous Vapours        Pois/Air       4%         N/A       69%         2
 Searing Ray              Conj           4%         2d4       69%         2
 Static Discharge         Conj/Air       2%         N/A       69%         2
 Ozocubu's Armour         Ice            2%         N/A       89%         3
 Fulminant Prism          Conj/Hex       2%         3d6       99%         4
 Sticky Flame             Conj/Fire      2%         2d3       100%        4
 Blade Hands              Tmut           1%         N/A       100%        5
 Irradiate                Conj/Tmut      1%         3d14      100%        5
 Dragon Form              Tmut           1%         N/A       100%        7
 Ozocubu's Refrigeration  Ice            1%         4d5       100%        7


Dungeon Overview and Level Annotations

Branches:
Dungeon (10/15)            Temple (1/1) D:5            Lair (1/6) D:9
Volcano (1/1)
    Orc: D:9-12

Altars:
Cheibriados
Gozag
Hepliaklqana
Kikubaaqudgha
Ru
Sif Muna
Trog
Uskayaw
Zin
The Shining One

Shops:
D:2 =[

Annotations:
D:4 Dowan


Innate Abilities, Weirdness & Mutations

You are small and have problems with some larger weapons.
You are completely attuned to the shadows.


Message History

The stone giant resists.
You block the stone giant's attack.
Throw: 9 darts (atropa)
Press: ? - help, Q - select action, (/) - cycle Shift-Dir - straight line, f/p - stone giant
Aim: a stone giant, quivering large rocks (90% to hit, chance to blind on hit: 0%)
You throw an atropa-tipped dart.
The atropa-tipped dart hits the stone giant.
The stone giant resists.
The stone giant hits you!!
Throw: 8 darts (atropa)
Press: ? - help, Q - select action, (/) - cycle Shift-Dir - straight line, f/p - stone giant
Aim: a stone giant, quivering large rocks (90% to hit, chance to blind on hit: 0%)
You throw an atropa-tipped dart.
The atropa-tipped dart hits the stone giant.
The stone giant resists.
The stone giant closely misses you.
Throw: 7 darts (atropa)
Press: ? - help, Q - select action, (/) - cycle Shift-Dir - straight line, f/p - stone giant
Aim: a stone giant, quivering large rocks (90% to hit, chance to blind on hit: 0%)
You throw an atropa-tipped dart.
The atropa-tipped dart hits the stone giant.
The stone giant resists.
You block the stone giant's attack.
Throw: 6 darts (atropa)
Press: ? - help, Q - select action, (/) - cycle Shift-Dir - straight line, f/p - stone giant
Aim: a stone giant, quivering large rocks (90% to hit, chance to blind on hit: 0%)
You throw an atropa-tipped dart.
The atropa-tipped dart hits the stone giant.
The stone giant resists.
The stone giant hits you! The fire elemental hits you.
The fire elemental burns you! You resist.
Throw: 5 darts (atropa)
Press: ? - help, Q - select action, (/) - cycle Shift-Dir - straight line, f/p - stone giant
Aim: a stone giant, quivering large rocks (90% to hit, chance to blind on hit: 0%)
You throw an atropa-tipped dart.
The atropa-tipped dart hits the stone giant!
The stone giant resists.
The fire elemental barely misses you. The stone giant hits you!!
Ouch! That really hurt!
You die...

##..°# ....°##
##..°.# # #..EC.#
#### #. #@.# ...##
#.E# #..# ....###
##..##[#..#
.....8###..#+[!#..#
........'.○# #8..#
.....8###.E##))#..#
≈....## ##..##!#..#
b....# ##.)###..#
≈≈.... ##..##..#


You could see a stone giant and a fire elemental.

Vanquished Creatures
  2 two-headed ogres (D:9)
  A gargoyle (Volcano)
  A rime drake (Lair:1)
  A cane toad (Lair:1)
  An efreet (Volcano)
  A troll (D:10)
  4 blink frogs (Lair:1)
  Sigmund (D:3)
  3 wraiths
  6 wyverns
  A fire elemental (Volcano)
  2 fire bats (Volcano)
  A steam dragon (D:10)
  A basilisk (D:9)
  Edmund (D:4)
  5 water moccasins
  5 orc warriors
  Duvessa (D:4)
  5 black bears
  2 ice beasts
  2 wolves (D:9)
  4 centaurs
  2 ogres
  A phantom (D:4)
  3 bullfrogs (D:7)
  2 wyvern zombies
  A gnoll sergeant (D:8)
  2 earth elementals (Volcano)
  A water moccasin zombie (D:5)
  7 scorpions
  7 killer bees
  4 wights (D:9)
  3 howler monkeys
  3 lava snakes (Volcano)
  4 centaur zombies
  4 jellies
  A hound (D:4)
  A centaur skeleton (D:6)
  2 bullfrog skeletons
  6 orc priests
  Ijyb (D:3)
  3 iguanas
  9 orc wizards
  2 killer bee zombies (D:6)
  A hound skeleton (D:5)
  7 adders
  5 gnolls (D:8)
  A howler monkey skeleton (D:5)
  An ufetubus (D:4)
  An adder skeleton (D:4)
  3 worms
  30 orcs
  5 endoplasms
  A giant cockroach (D:1)
  7 goblins
  3 hobgoblins
  2 quokkas
  7 ball pythons
  6 bats
  4 frilled lizards
  5 kobolds
  5 rats
214 creatures vanquished.

Vanquished Creatures (others)
  An orc wizard (D:10)
  9 plants
10 creatures vanquished.

Grand Total: 224 creatures vanquished

Notes
Turn   | Place    | Note
-------+----------+-------------------------------------------
     0 | D:1      | Zenkrye the Kobold Brigand began the quest for the Orb.
     0 | D:1      | Reached XP level 1. HP: 12/12 MP: 1/1
   142 | D:1      | Found a faded altar of an unknown god.
   193 | D:1      | Reached XP level 2. HP: 17/17 MP: 2/2
   785 | D:2      | Reached XP level 3. HP: 16/21 MP: 3/3
  1501 | D:2      | Reached XP level 4. HP: 26/26 MP: 4/4
  1626 | D:2      | Found Qotasmon's Jewellery Boutique.
  1678 | D:2      | Found Zoroiw's Antique Armour Emporium.
  1794 | D:3      | Noticed Sigmund
  1873 | D:3      | Killed Sigmund
  1874 | D:3      | Reached XP level 5. HP: 16/30 MP: 5/5
  1874 | D:3      | Reached XP level 6. HP: 19/35 MP: 6/6
  2353 | D:3      | Noticed Ijyb
  2357 | D:3      | Killed Ijyb
  2713 | D:4      | Reached XP level 7. HP: 33/40 MP: 7/7
  2875 | D:4      | Noticed Edmund
  2882 | D:4      | Killed Edmund
  3171 | D:4      | Noticed Duvessa
  3174 | D:4      | Noticed Dowan
  3175 | D:4      | Killed Duvessa
  3176 | D:4      | Reached XP level 8. HP: 44/44 MP: 8/8
  3471 | D:5      | Entered Level 5 of the Dungeon
  3990 | D:5      | Reached skill level 10 in Short Blades
  4640 | D:4      | Reached XP level 9. HP: 28/51 MP: 9/9
  5105 | D:5      | Found a staircase to the Ecumenical Temple.
  5111 | Temple   | Entered the Ecumenical Temple
  5132 | Temple   | Became a worshipper of Uskayaw the Reveller
  5284 | D:6      | Reached * piety under Uskayaw
  5285 | D:6      | Reached skill level 1 in Spellcasting
  5348 | D:6      | Reached skill level 10 in Stealth
  5364 | D:6      | Reached ** piety under Uskayaw
  5376 | D:6      | Reached *** piety under Uskayaw
  5377 | D:6      | Reached skill level 1 in Evocations
  5488 | D:6      | Reached skill level 1 in Invocations
  6002 | D:6      | Identified a scroll of acquirement
  6002 | D:6      | Acquired a +5 quick blade
  6076 | D:7      | Identified the +0 ring mail of the Merchant {rF+ rC+
                  | Stlth+}
  6117 | D:6      | Noticed a rust devil
  6117 | D:6      | Noticed a rust devil
  6468 | D:7      | Reached XP level 10. HP: 58/58 MP: 13/13
  6600 | D:7      | Reached skill level 5 in Dodging
  6606 | D:7      | Learned a level 5 spell: Excruciating Wounds
  6739 | D:7      | Reached skill level 5 in Fighting
  6911 | D:8      | Found a sacrificial altar of Ru.
  6925 | D:8      | Reached skill level 1 in Necromancy
  7190 | D:8      | Reached **** piety under Uskayaw
  7196 | D:8      | Reached ***** piety under Uskayaw
  8052 | D:9      | Found a staircase to the Lair.
  8509 | D:9      | Identified the +1 robe "Kezuoss" {rCorr Int-4 Dex+3 Stlth+}
  8874 | D:9      | Reached XP level 11. HP: 35/64 MP: 15/15
  8878 | D:9      | Learned a level 3 spell: Portal Projectile
  9171 | D:9      | Reached skill level 1 in Shields
  9417 | D:9      | Noticed a two-headed ogre
  9421 | D:9      | Killed a two-headed ogre
  9422 | D:9      | Reached skill level 5 in Invocations
  9445 | D:9      | Noticed a two-headed ogre
  9449 | D:9      | Killed a two-headed ogre
  9779 | D:10     | Entered Level 10 of the Dungeon
 10130 | D:10     | Identified the +0 chain mail of the Eight Boll Weevils
                  | {Rampage Str+3 Dex-2 Slay+3}
 10495 | D:10     | Identified the +10 quarterstaff of Uncertain Death {vorpal,
                  | rF+}
 10837 | Lair:1   | Entered Level 1 of the Lair of Beasts
 10953 | Lair:1   | Reached skill level 1 in Hexes
 10953 | Lair:1   | Reached skill level 1 in Translocations
 11014 | Lair:1   | Reached skill level 5 in Necromancy
 11038 | Lair:1   | Found a dark tunnel.
 11044 | Volcano  | Entered a volcano
 11158 | Volcano  | Found a radiant altar of Vehumet.
 11234 | Volcano  | Noticed a stone giant
 11243 | Volcano  | Slain by a stone giant

Illustrated notes

Levels and vault maps discovered:
D:1:      psy_arrival_heroes, layout_loops_ring,
          shapermc_ecumenical_altar_mp_urbaneastern
D:2:      layout_basic, serial_shops, shop_fountains, shop_fountains
D:3:      layout_rooms, uniq_sigmund, uniq_ijyb
D:4:      layout_basic, uniq_duvessa, uniq_edmund, uniq_crazy_yiuf_cottage,
          uniq_pikel
D:5:      layout_basic, lemuel_temple_firewalk_b
D:6:      cheibrodos_iron_armory, layout_rooms
D:7:      layout_rooms, minmay_checkerbox
D:8:      layout_loops_ring, mainiacjoe_overflow_six_doors_small,
          nicolae_underground_beach
D:9:      layout_cave_pods, minmay_lair_entry_grove
D:10:     layout_irregular_city
Temple:   grunt_wide_crystal_templ
Lair:1:   wad_woods_tower, layout_regular_city, nicolae_volcano_entry_lava_flow,
          serial_bayou_lagoon_b
Volcano:  volcano_grotto [vgs_dualism]

Skill      XL: |  1  2  3  4  5  6  7  8  9 10 11 |
---------------+----------------------------------+-----
Short Blades   | 3 4 6 7 9 10 11 12 | 12.0
Stealth        | 6 7 8 9 10 11 12 | 12.0
Dodging        | 3 4 6 8 |  8.1
Fighting       | 3 4 6 7 |  7.5
Spellcasting   | 2 3 |  3.0
Evocations     | 2 3 |  3.0
Invocations    | 2 4 5 |  5.7
Necromancy     | 3 5 |  5.0
Shields        | 3 |  3.1
Hexes          | 2 |  2.1
Translocations | 2 |  2.0
Throwing       | |  2.1

Action                   |  1- 3 |  4- 6 |  7- 9 | 10-12 || total
-------------------------+-------+-------+-------+-------++-------
Melee: Dagger            |    67 |    73 |   251 |       ||   391
       Rapier            |       |       |    62 |       ||    62
       Quick blade       |       |       |    33 |   385 ||   418
Throw: Dart              |     2 |     4 |     3 |    12 ||    21
       Boomerang         |       |       |       |     2 ||     2
Invok: Stomp             |       |       |       |    10 ||    10
       Line Pass         |       |       |       |     1 ||     1
Evoke: Wand              |       |       |     3 |    11 ||    14
  Use: Scroll            |     2 |     5 |     4 |     7 ||    18
       Potion            |       |       |       |     3 ||     3
 Stab: Sleeping          |    20 |    12 |    31 |    28 ||    91
       Distracted        |       |     2 |       |     1 ||     3
       Invisible         |       |       |     2 |     2 ||     4
       Paralysed         |       |       |     4 |    15 ||    19
Armor: Robe              |    10 |    13 |    41 |       ||    64
       Ring mail         |       |       |     6 |    62 ||    68
Dodge: Dodged            |    23 |    43 |   153 |   148 ||   367
Block: Buckler           |       |       |       |    39 ||    39

Table legend: (Time is in decaauts)
 A = Elapsed time spent in this place.
 B = Non-inter-level travel time spent in this place.
 C = Inter-level travel time spent in this place.
 D = Time resting spent in this place.
 E = Time spent auto-exploring this place.
 F = Levels seen in this place.
 G = Mean time per level.
                   A        B        C        D        E       F      G
               +--------+--------+--------+--------+--------+-----+--------+
         Total |  10818 |  10403 |    415 |   1250 |   7432 |  13 |  832.2 |
       Dungeon |  10416 |  10017 |    399 |   1204 |   7231 |  10 | 1041.6 |
        Temple |     38 |     22 |     16 |      0 |     11 |   1 |   38.0 |
          Lair |    189 |    189 |      0 |     16 |    120 |   1 |  189.0 |
       Volcano |    173 |    173 |      0 |     30 |     69 |   1 |  173.0 |
               +--------+--------+--------+--------+--------+-----+--------+

Top non-repeatable levels by time:
     D:5: 1628 daAuts
     D:9: 1537 daAuts
     D:8: 1275 daAuts
     D:2: 1059 daAuts
    D:10: 980 daAuts
     D:3: 829 daAuts
     D:4: 817 daAuts
     D:7: 800 daAuts
     D:1: 748 daAuts
     D:6: 739 daAuts
  Lair:1: 189 daAuts
 Volcano: 173 daAuts
  Temple: 38 daAuts
